 Dungeon Crawl Stone Soup version 0.29-a0-330-g52719c12eb (webtiles) character file.

Game seed: 16883521797009949091

25 kae the Firebug (level 2, 0/20 HPs)
             Began as a Demigod Fire Elementalist on May 1, 2022.
             Shot with a sling bullet by a goblin (4 damage)
             ... on level 2 of the Dungeon.
             The game lasted 00:01:25 (1669 turns).

kae the Firebug (Demigod Fire Elementalist)         Turns: 1669, Time: 00:01:25

Health: 0/20       AC:  2    Str:  9    XL:     2   Next: 63%
Magic:  2/7        EV: 12    Int: 17    God:
Gold:   40         SH:  0    Dex: 14    Spells: 2/5 levels left

rFire   . . .      SeeInvis .   (no weapon)
rCold   . . .      Faith    .   (no shield)
rNeg    . . .      Spirit   .   a - +0 robe
rPois   .          Reflect  .   (no helmet)
rElec   .          Harm     .   (no cloak)
rCorr   .          Rampage  .   (no gloves)
Will    .....                   (no boots)
Stlth   ++........              (no amulet)
HPRegen 0.06/turn               (no ring)
MPRegen 0.10/turn               (no ring)

@: no status effects
A: high MP 1, forlorn, divine attributes
a: no special abilities


You were on level 2 of the Dungeon.
You visited 1 branch of the dungeon, and saw 4 of its levels.

You collected 40 gold pieces.

Inventory:

Armour
 a - a +0 robe (worn)
Potions
 b - a potion of magic
 c - a potion of heal wounds {unknown}
 e - a potion of lignification {unknown}


   Skills:
 - Level 1.7 Dodging
 - Level 1.7 Stealth
 + Level 2.2 Spellcasting
 + Level 1.6 Conjurations
 + Level 3.0 Fire Magic


You had 2 spell levels left.
You knew the following spells:

 Your Spells              Type           Power      Damage    Failure   Level
a - Foxfire               Conj/Fire      36%        2x1d5     8%          1
b - Scorch                Fire           24%        2d6       9%          2

Your spell library contained the following spells:

 Spells                   Type           Power      Damage    Failure   Level
 Corpse Rot               Necr/Air       2%         N/A       28%         2
 Conjure Flame            Conj/Fire      9%         6-21      22%         3
 Inner Flame              Hex/Fire       7%         N/A       30%         3
 Flame Wave               Conj/Fire      9%         2d5       58%         4
 Dispel Undead            Necr           1%         3d6       88%         4
 Death Channel            Necr           0%         N/A       100%        6


Dungeon Overview and Level Annotations

Branches:
Dungeon (4/15)
 Temple: D:4-7

Shops:
D:1 =


Innate Abilities, Weirdness & Mutations

You have an increased reservoir of magic. (+10% MP)
You shall have no god before yourself.
Your divine heritage dramatically boosts your attributes as you level up.


Message History

The foxfire hits the goblin.
The goblin is heavily wounded.
The foxfire hits the giant cockroach.
The giant cockroach is severely wounded.
The goblin closely misses you. The giant cockroach misses you.
Casting: Foxfire (safe; 8% risk of failure)
Confirm with . or Enter, or press ? or * to list all spells.
You conjure some foxfire!
The giant cockroach misses you.
The foxfire hits the kobold.
You kill the kobold!
The goblin barely misses you.
The foxfire hits the giant cockroach.
You kill the giant cockroach!
The goblin completely misses you.
Casting: Foxfire (safe; 8% risk of failure)
Confirm with . or Enter, or press ? or * to list all spells.
You conjure some foxfire!
The goblin barely misses you.
The foxfire hits the gnoll.
The gnoll is moderately wounded.
The foxfire hits the gnoll.
The gnoll is moderately wounded.
The goblin closely misses you.
You aren't carrying any scrolls.
Okay, then.
You closely miss the goblin.
The goblin is heavily wounded.
The rat closely misses you. The goblin closely misses you.
The gnoll barely misses you. The rat bites you.
The goblin hits you with a +0 dagger.
Items here: ! ( ) †.
The gnoll attacks as you move away! The gnoll completely misses you.
The goblin hits you with a +0 dagger. The gnoll attacks as you move away!
The gnoll hits you with a +0 whip. The rat attacks as you move away!
The rat barely misses you.
The goblin unwields a +0 dagger.
The goblin wields a +0 hunting sling.
The goblin shoots a sling bullet.
The sling bullet hits you.
* * * LOW HITPOINT WARNING * * *
The gnoll attacks as you move away! The gnoll closely misses you.
The goblin shoots a sling bullet.
The sling bullet hits you.
You die...

#. #...... . #.
#..#.....
##.#####..#.....
#......##.# .##.
#....†.# .# .
###..†)g.# .. ..
........g.#
####......###
..$.....r@.#
.....######.#
..... .# .....
.# .... .# .# ..
..


You could see a gnoll, a goblin and a rat.

Vanquished Creatures
  A dart slug (D:1)
  3 ball pythons (D:1)
  An endoplasm (D:1)
  A giant cockroach (D:2)
  5 hobgoblins
  5 kobolds
  2 quokkas (D:1)
  A bat (D:1)
  A rat (D:1)
20 creatures vanquished.

Vanquished Creatures (others)
  81 foxfires
81 creatures vanquished.

Grand Total: 101 creatures vanquished

Notes
Turn   | Place    | Note
-------+----------+-------------------------------------------
     0 | D:1      | kae the Demigod Fire Elementalist began the quest for the
                  | Orb.
     0 | D:1      | Reached XP level 1. HP: 14/14 MP: 5/5
    29 | D:1      | Reached skill level 1 in Conjurations
   489 | D:1      | Reached XP level 2. HP: 20/20 MP: 1/7
   689 | D:1      | Found Fufru's Jewellery Shop.
   951 | D:1      | Reached skill level 3 in Fire Magic
  1580 | D:1      | Learned a level 2 spell: Scorch
  1632 | D:2      | You fall into a shaft and drop 2 floors!
  1669 | D:2      | Shot with a sling bullet by a goblin

Illustrated notes

Levels and vault maps discovered:
D:1:      elethiomel_arrival_maze, layout_basic, serial_shops,
          nicolae_shop_behind_doors, minmay_misc_feat_diagonals
D:2:      layout_basic, serial_shops, shop, shop
D:3:      minmay_spotlight, layout_loops_ring,
          shapermc_ecumenical_altar_starsandcircs
D:4:      layout_cave_pods, cheibrodos_sewer_entry_drain, uniq_menkaure,
          uniq_edmund

Skill      XL: |  1  2 |
---------------+-------+-----
Conjurations   | 1 |  1.6
Spellcasting   | 2 |  2.2
Fire Magic     | 3 |  3.0
Dodging        | |  1.7
Stealth        | |  1.7

Action                   || total
-------------------------++-------
Melee: Unarmed           ||     3
 Cast: Foxfire           ||    44
  Use: Scroll            ||     1
Armor: Robe              ||     4
Dodge: Dodged            ||    24

Table legend: (Time is in decaauts)
 A = Elapsed time spent in this place.
 B = Non-inter-level travel time spent in this place.
 C = Inter-level travel time spent in this place.
 D = Time resting spent in this place.
 E = Time spent auto-exploring this place.
 F = Levels seen in this place.
 G = Mean time per level.
                   A        B        C        D        E       F      G
               +--------+--------+--------+--------+--------+-----+--------+
         Total |   1668 |   1610 |     58 |      0 |   1466 |   4 |  417.0 |
       Dungeon |   1668 |   1610 |     58 |      0 |   1466 |   4 |  417.0 |
               +--------+--------+--------+--------+--------+-----+--------+

Top non-repeatable levels by time:
     D:1: 1626 daAuts
     D:2: 23 daAuts
     D:3: 10 daAuts
     D:4: 8 daAuts
